 Dungeon Crawl Stone Soup version 0.21-a0-361-g4efd3f9 (webtiles) character file.

8997 tidbits the Reanimator (level 11, -1/81 HPs)
             Began as a Gnoll Necromancer on Oct 13, 2017.
             Was an Elder of Makhleb.
             Slain by a minotaur
             ... wielding the +11 dagger of an ice cave {elec, Int+3}
              (9 damage)
             ... in a labyrinth.
             The game lasted 01:02:46 (4712 turns).

tidbits the Reanimator (Gnoll Necromancer)          Turns: 4712, Time: 01:02:48

Health: -1/81      AC:  9    Str: 11    XL:     11   Next: 39%
Magic:  32/32      EV: 17    Int: 22    God:    Makhleb [****..]
Gold:   433        SH:  6    Dex: 16    Spells: 4/26 levels left

rFire    . . .     SeeInvis .   N - +0 whip (elec)
rCold    + . .     Gourm    .   D - +0 buckler
rNeg     . . .     Faith    .   B - +0 leather armour {rC+}
rPois    .         Spirit   .   E - +1 helmet
rElec    .         Reflect  .   (no cloak)
rCorr    .         Harm     .   G - +2 pair of gloves
MR       .....                  (no boots)
Stlth    ++++......             (no amulet)
HPRegen  1.63/turn              u - ring of magical power
MPRegen  0.23/turn              Y - +2 ring of slaying

@: regenerating
A: distributed training, fangs 1, clever 1, regeneration 1, strong nose
a: Minor Destruction, Lesser Servant of Makhleb, Major Destruction, Renounce
Religion


You were in a labyrinth.
You worshipped Makhleb.
Makhleb was greatly pleased with you.
You were not hungry.

You visited 1 branch of the dungeon, and saw 13 of its levels.
You also visited: Labyrinth and Sewer.

You collected 634 gold pieces.
You spent 201 gold pieces at shops.

Inventory:

Hand Weapons
 a - a +0 short sword of venom
   (You took it off a kobold on level 1 of the Dungeon)
 m - a +0 blowgun
 N - a +0 whip of electrocution (weapon)
   (You took it off Pikel on level 6 of the Dungeon)
 Z - a +0 morningstar
Missiles
 d - 214 stones
 g - 5 silver tomahawks (quivered)
 s - 14 tomahawks
 y - 185 arrows
 O - 2 throwing nets {!f}
Armour
 B - a +0 leather armour of cold resistance (worn)
   (You found it on level 3 of the Dungeon)
 D - a +0 buckler (worn)
 E - a +1 helmet (worn)
 G - a +2 pair of gloves (worn)
Jewellery
 u - a ring of magical power (left hand)
   (You found it on level 2 of the Dungeon)
 P - a +4 ring of strength
   (You found it on level 6 of the Dungeon)
 Y - a +2 ring of slaying (right hand)
   (You found it on level 9 of the Dungeon)
Wands
 f - a wand of confusion (14/48)
 Q - a wand of acid (0/15)
 T - a wand of flame (26/48)
 W - a wand of flame (0/48)
Scrolls
 e - 3 scrolls of amnesia
 h - a scroll of magic mapping
 n - 4 scrolls of enchant weapon
 r - 2 scrolls of remove curse
 t - a scroll of recharging {unknown}
 J - 5 scrolls of teleportation
 K - a scroll of enchant armour {unknown}
 L - a scroll of fog
 M - 2 scrolls of immolation
Potions
 p - 3 potions of flight
 q - 2 potions of magic
 w - 3 potions of haste
 z - a potion of degeneration
 C - 3 potions of curing
 H - 2 potions of agility
 I - 2 potions of mutation {!q}
 R - a potion of ambrosia
 U - a potion of lignification
 X - a potion of might
Books
 b - a book of Necromancy

   Spells                             Type                      Level
   a - Pain                           Necromancy                   1
   b - Animate Skeleton               Necromancy                   1
   c - Vampiric Draining              Necromancy                   3
   d - Regeneration                   Charms/Necromancy            3
   e - Animate Dead                   Necromancy                   4
   f - Control Undead                 Necromancy                   4
 i - a book of Frost
   (You found it on level 10 of the Dungeon)

   Spells                             Type                      Level
   a - Freeze                         Ice                          1
   b - Throw Frost                    Conjuration/Ice              2
   c - Ozocubu's Armour               Charms/Ice                   3
   d - Throw Icicle                   Conjuration/Ice              4
   e - Summon Ice Beast               Ice/Summoning                4
 F - a book of Flames
   (You found it in a sewer)

   Spells                             Type                      Level
   a - Flame Tongue                   Conjuration/Fire             1
   b - Throw Flame                    Conjuration/Fire             2
   c - Conjure Flame                  Conjuration/Fire             3
   d - Inner Flame                    Hexes/Fire                   3
   e - Sticky Flame                   Conjuration/Fire             4
   f - Fireball                       Conjuration/Fire             5
Comestibles
 c - 5 bread rations
 o - 6 royal jellies


   Skills:
 + Level 6.1 Fighting
 + Level 6.1 Short Blades
 + Level 6.1 Long Blades
 + Level 6.1 Axes
 + Level 6.1 Maces & Flails
 + Level 6.1 Polearms
 + Level 6.1 Staves
 + Level 6.1 Slings
 + Level 6.1 Bows
 + Level 6.1 Crossbows
 + Level 6.1 Throwing
 + Level 6.1 Armour
 + Level 7.7 Dodging
 + Level 7.5 Stealth
 + Level 6.1 Shields
 + Level 6.1 Unarmed Combat
 + Level 8.0 Spellcasting
 + Level 5.1 Conjurations
 + Level 5.1 Hexes
 + Level 5.1 Charms
 + Level 5.1 Summonings
 + Level 8.8 Necromancy
 + Level 5.1 Translocations
 + Level 5.1 Transmutations
 + Level 5.1 Fire Magic
 + Level 5.1 Ice Magic
 + Level 5.1 Air Magic
 + Level 5.1 Earth Magic
 + Level 5.1 Poison Magic
 + Level 6.7 Invocations
 + Level 6.1 Evocations


You had 4 spell levels left.
You knew the following spells:

 Your Spells              Type           Power        Failure   Level  Hunger
a - Pain                  Necr           ####         1%          1    None
c - Conjure Flame         Conj/Fire      ####....     3%          3    None
n - Animate Skeleton      Necr           N/A          1%          1    None
o - Ozocubu's Armour      Chrm/Ice       ####....     3%          3    None
r - Regeneration          Chrm/Necr      #####.....   1%          3    None
u - Control Undead        Necr           #####.....   2%          4    ###....
v - Vampiric Draining     Necr           #####.....   1%          3    None
N - Animate Dead          Necr           N/A          2%          4    ###....


Dungeon Overview and Level Annotations

Branches:
Dungeon (13/15)            Temple (0/1) D:7            Lair (0/6) D:8
    Orc: D:9-12      Vaults: D:13-14

Altars:
Dithmenos
Elyvilon
Nemelex Xobeh
Okawaru
Trog
Yredelemnul
Zin
The Shining One

Shops:
D:4 ?   D:7 }   D:8 %   D:10 :

Annotations:
D:13 Frances


Innate Abilities, Weirdness & Mutations

Your experience applies equally to all skills.
You have very sharp teeth.
Your uncanny sense of smell can sniff out nearby items.
Your mind is acute. (Int +2)
Your natural rate of healing is unusually fast.


Message History

Your hellwing hits the earth elemental but does no damage.
You hit the earth elemental but do no damage.
You bite the earth elemental, but do no damage.
The earth elemental is severely damaged.
Your hellwing hits the earth elemental. x2
You whack the earth elemental!
You destroy the earth elemental!
Makhleb accepts your kill.
You swap places.
You feel a strong urge to attack something.
You feel your anger nearly subside.
You are no longer berserk.
You are exhausted.
You feel yourself slow down.
Your skin stops crawling.
You see here 21 gold pieces.
You now have 433 gold pieces (gained 21).
Okay, then.
Casting: Regeneration
Confirm with . or Enter, or press ? or * to list all spells.
Your skin crawls.
Casting: Regeneration
Confirm with . or Enter, or press ? or * to list all spells.
Your skin crawls.
You feel yourself speed up.
You swap places.
Wield which item (- for none, * to show all)? (? for menu, Esc to quit)
Okay, then.
Wield which item (- for none, * to show all)? (? for menu, Esc to quit)
Your +0 whip of electrocution stops crackling.
b - a book of Necromancy (in hand)
You swing at nothing.
You recover from your berserk rage.
You swing at nothing.
You swing at nothing.
You swing at nothing.
You swing at nothing.
You swing at nothing.
You swing at nothing.
HP restored.
Wield which item (- for none, * to show all)? (? for menu, Esc to quit)
You hear the crackle of electricity.
N - a +0 whip of electrocution (weapon)
Evoke which item? (* to show all) (? for menu, Esc to quit)
Okay, then.
You open the door.
A minotaur comes into view.
It is wielding an encrusted dagger {elec}.
Found four items.
Evoke which item? (* to show all) (? for menu, Esc to quit)
Aiming: Confuse
Press: ? - help, Shift-Dir - straight line, f - minotaur
Aim: a minotaur, wielding an encrusted dagger {elec}, wearing ice dragon scales and wearing a cabochon ring (chance to defeat MR: 29%)
The minotaur easily resists.
This wand has 15 charges left.
You feel a sudden draft!
Evoke which item? (* to show all) (? for menu, Esc to quit)
Aiming: Confuse
Press: ? - help, Shift-Dir - straight line, f/p - minotaur
Aim: a minotaur, wielding an encrusted dagger {elec}, wearing ice dragon scales and wearing a cabochon ring (chance to defeat MR: 29%)
The minotaur appears confused.
This wand has 14 charges left.
You hit the minotaur but do no damage.
The minotaur hits your hellwing with an encrusted dagger {elec}!!
The minotaur gores your hellwing.
Your hellwing barely misses the minotaur.
Your hellwing hits the minotaur but does no damage.
Your leather armour prevents you from hitting the minotaur.
You hit the minotaur but do no damage.
Your hellwing swoops through the air toward the minotaur!
Your hellwing hits the minotaur.
Your hellwing hits the minotaur but does no damage.
You hit the minotaur but do no damage.
You bite the minotaur, but do no damage.
The minotaur is lightly wounded.
Your hellwing hits the minotaur. x2
The minotaur hits you with an encrusted dagger {elec}!!
You are electrocuted!
* * * LOW HITPOINT WARNING * * *
The minotaur gores you but does no damage.
Your hellwing hits the minotaur but does no damage.
Your hellwing hits the minotaur.
Unknown command.
You catch the helpless minotaur completely off-guard!
You hit the minotaur but do no damage.
You bite the minotaur, but do no damage.
The minotaur is lightly wounded.
The minotaur hits your hellwing with an encrusted dagger {elec}!!
Lightning courses through your hellwing!
Your hellwing is killed!
Evoke which item? (* to show all) (? for menu, Esc to quit)
Aiming: Corrosive Bolt
Press: ? - help, Shift-Dir - straight line, f/p - minotaur
Aim: a minotaur, wielding an encrusted dagger {elec}, wearing ice dragon scales and wearing a cabochon ring (lightly wounded, confused)
The bolt of acid hits the minotaur.
The minotaur is splashed with acid.
The minotaur is moderately wounded.
This wand has 0 charges left.
You catch the helpless minotaur completely off-guard!
You hit the minotaur.
The minotaur is moderately wounded.
The minotaur hits you with an encrusted dagger {elec}!!
* * * LOW HITPOINT WARNING * * *
You are electrocuted!
You die...

# # ######### #
# ...#.#. .....
.# ...
......##.##
.###
#####......# .
. |8:8.8#.##.#
# ......'..# ..
. . [8[8.8#.##
.# # #######..#
#...#
......H@### #
### ..
.....#.........
. 8 .###
########## .
8... #. . .# #
# #8 ) 8# .
....8 . #. ###
# #.# # . # # #
#


You could see a minotaur (confused).

Vanquished Creatures
  Azrael (D:13)
  The ghost of zero the Cleaver, a journeyman GrBe of Trog (D:10)
  Pikel (D:6)
  A troll (D:10)
  A hornet (D:9)
  3 slime creatures (D:12)
  A hippogriff (D:7)
  A wyvern (D:8)
  5 fire elementals (D:13)
  Eustachio (D:6)
  2 wargs (D:8)
  3 hell hounds (D:13)
  4 orc warriors
  A hornet zombie (D:13)
  3 ogres
  A phantom (D:7)
  2 necrophages (D:10)
  4 centaurs
  3 big kobolds
  An earth elemental (Lab)
  8 bullfrogs
  A wyvern zombie (D:10)
  A gnoll sergeant (D:11)
  2 scorpions
  2 killer bees (D:9)
  A wight (D:12)
  3 howler monkeys (D:10)
  2 crimson imps
  4 jellies
  A bullfrog zombie (D:10)
  2 centaur zombies
  A quasit (Sewer)
  4 orc priests
  9 hounds
  A centaur skeleton (D:4)
  3 bullfrog skeletons
  5 iguanas
  3 orc wizards
  A worker ant (D:5)
  2 big kobold zombies (Sewer)
  A hound skeleton (D:10)
  A worker ant zombie (D:4)
  10 adders
  9 gnolls
  3 river rats (D:4)
  7 shadow imps
  A white imp (D:7)
  5 ufetubi (Sewer)
  An ooze (Sewer)
  2 adder zombies
  8 worms
  A dart slug (D:1)
  4 leopard geckos
  49 orcs
  A bat zombie (Sewer)
  2 giant cockroaches
  6 goblins
  5 hobgoblins
  17 jackals
  4 quokkas
  A ball python (D:1)
  A ball python zombie (D:4)
  5 bats
  3 frilled lizards
  4 goblin skeletons (D:7)
  A goblin zombie (D:7)
  2 hobgoblin zombies (D:7)
  27 kobolds
  A kobold zombie (Sewer)
  4 rats
282 creatures vanquished.

Vanquished Creatures (collateral kills)
  A basilisk (Lab)
  An orc warrior (D:8)
  A sky beast (D:9)
  A phantom (D:9)
  An ogre (D:13)
  A gnoll sergeant (D:9)
  2 killer bees (D:9)
  A hound (D:9)
  3 gnolls (D:9)
  A river rat (D:4)
  An ooze (Sewer)
  An adder zombie (D:4)
  A goblin zombie (D:7)
  A leopard gecko zombie (D:4)
  An orc skeleton (D:7)
18 creatures vanquished.

Vanquished Creatures (others)
  Grinder (Sewer)
  A bat zombie (Sewer)
  A kobold zombie (Sewer)
3 creatures vanquished.

Grand Total: 303 creatures vanquished

Notes
Turn   | Place    | Note
-------+----------+-------------------------------------------
     0 | D:1      | tidbits the Gnoll Necromancer began the quest for the Orb.
     0 | D:1      | Reached XP level 1. HP: 13/13 MP: 6/6
    25 | D:1      | Learned a level 1 spell: Animate Skeleton
   214 | D:1      | Reached XP level 2. HP: 6/19 MP: 5/7
   459 | D:1      | Reached XP level 3. HP: 2/25 MP: 3/9
   464 | D:1      | Learned a level 3 spell: Regeneration
   469 | D:1      | Learned a level 3 spell: Vampiric Draining
   504 | D:2      | Found a basalt altar of Yredelemnul.
   506 | D:2      | Reached skill level 5 in Spellcasting
   554 | D:2      | Found an iron altar of Okawaru.
   624 | D:2      | Reached skill level 1 in Invocations
   730 | D:2      | Reached skill level 1 in Fighting
   730 | D:2      | Reached skill level 1 in Short Blades
   730 | D:2      | Reached skill level 1 in Long Blades
   730 | D:2      | Reached skill level 1 in Axes
   730 | D:2      | Reached skill level 1 in Maces & Flails
   730 | D:2      | Reached skill level 1 in Polearms
   730 | D:2      | Reached skill level 1 in Staves
   730 | D:2      | Reached skill level 1 in Slings
   730 | D:2      | Reached skill level 1 in Bows
   730 | D:2      | Reached skill level 1 in Crossbows
   730 | D:2      | Reached skill level 1 in Throwing
   730 | D:2      | Reached skill level 1 in Armour
   730 | D:2      | Reached skill level 1 in Shields
   730 | D:2      | Reached skill level 1 in Unarmed Combat
   730 | D:2      | Reached skill level 1 in Evocations
   751 | D:2      | Reached XP level 4. HP: 14/32 MP: 3/11
  1019 | D:4      | Reached skill level 1 in Conjurations
  1019 | D:4      | Reached skill level 1 in Hexes
  1019 | D:4      | Reached skill level 1 in Charms
  1019 | D:4      | Reached skill level 1 in Summonings
  1019 | D:4      | Reached skill level 1 in Translocations
  1019 | D:4      | Reached skill level 1 in Transmutations
  1019 | D:4      | Reached skill level 1 in Fire Magic
  1019 | D:4      | Reached skill level 1 in Ice Magic
  1019 | D:4      | Reached skill level 1 in Air Magic
  1019 | D:4      | Reached skill level 1 in Earth Magic
  1019 | D:4      | Reached skill level 1 in Poison Magic
  1019 | D:4      | Reached XP level 5. HP: 14/37 MP: 12/12
  1025 | D:4      | Learned a level 4 spell: Control Undead
  1211 | D:4      | Found a glowing drain.
  1218 | Sewer    | Entered a sewer
  1337 | Sewer    | Reached XP level 6. HP: 44/44 MP: 6/13
  1346 | Sewer    | Reached skill level 2 in Invocations
  1402 | Sewer    | Noticed Grinder
  1418 | Sewer    | Reached skill level 2 in Fighting
  1418 | Sewer    | Reached skill level 2 in Short Blades
  1418 | Sewer    | Reached skill level 2 in Long Blades
  1418 | Sewer    | Reached skill level 2 in Axes
  1418 | Sewer    | Reached skill level 2 in Maces & Flails
  1418 | Sewer    | Reached skill level 2 in Polearms
  1418 | Sewer    | Reached skill level 2 in Staves
  1418 | Sewer    | Reached skill level 2 in Slings
  1418 | Sewer    | Reached skill level 2 in Bows
  1418 | Sewer    | Reached skill level 2 in Crossbows
  1418 | Sewer    | Reached skill level 2 in Throwing
  1418 | Sewer    | Reached skill level 2 in Armour
  1418 | Sewer    | Reached skill level 5 in Dodging
  1418 | Sewer    | Reached skill level 2 in Shields
  1418 | Sewer    | Reached skill level 2 in Unarmed Combat
  1418 | Sewer    | Reached skill level 2 in Evocations
  1472 | Sewer    | Reached XP level 7. HP: 50/50 MP: 15/15
  1483 | Sewer    | Killed Grinder
  1483 | Sewer    | Reached skill level 2 in Conjurations
  1483 | Sewer    | Reached skill level 2 in Hexes
  1483 | Sewer    | Reached skill level 2 in Charms
  1483 | Sewer    | Reached skill level 2 in Summonings
  1483 | Sewer    | Reached skill level 2 in Translocations
  1483 | Sewer    | Reached skill level 2 in Transmutations
  1483 | Sewer    | Reached skill level 2 in Fire Magic
  1483 | Sewer    | Reached skill level 2 in Ice Magic
  1483 | Sewer    | Reached skill level 2 in Air Magic
  1483 | Sewer    | Reached skill level 2 in Earth Magic
  1483 | Sewer    | Reached skill level 2 in Poison Magic
  1497 | Sewer    | Found a burning altar of Makhleb.
  1550 | Sewer    | Became a worshipper of Makhleb the Destroyer
  1717 | D:4      | Found Safokimu's Magic Scroll Shop.
  1727 | D:4      | Bought a scroll of fog for 26 gold pieces
  1727 | D:4      | Bought a scroll of teleportation for 39 gold pieces
  1727 | D:4      | Bought a scroll of random uselessness for 13 gold pieces
  1727 | D:4      | Bought a scroll of immolation for 45 gold pieces
  1727 | D:4      | Bought a scroll of identify for 26 gold pieces
  1727 | D:4      | Bought a scroll of identify for 26 gold pieces
  1727 | D:4      | Bought a scroll of identify for 26 gold pieces
  1742 | D:5      | Entered Level 5 of the Dungeon
  1840 | D:6      | Reached skill level 5 in Stealth
  1861 | D:6      | Noticed Eustachio
  1862 | D:6      | Noticed Pikel
  1874 | D:6      | Killed Pikel
  1874 | D:6      | Reached skill level 3 in Fighting
  1874 | D:6      | Reached skill level 3 in Short Blades
  1874 | D:6      | Reached skill level 3 in Long Blades
  1874 | D:6      | Reached skill level 3 in Axes
  1874 | D:6      | Reached skill level 3 in Maces & Flails
  1874 | D:6      | Reached skill level 3 in Polearms
  1874 | D:6      | Reached skill level 3 in Staves
  1874 | D:6      | Reached skill level 3 in Slings
  1874 | D:6      | Reached skill level 3 in Bows
  1874 | D:6      | Reached skill level 3 in Crossbows
  1874 | D:6      | Reached skill level 3 in Throwing
  1874 | D:6      | Reached skill level 3 in Armour
  1874 | D:6      | Reached skill level 3 in Shields
  1874 | D:6      | Reached skill level 3 in Unarmed Combat
  1874 | D:6      | Reached skill level 6 in Spellcasting
  1874 | D:6      | Reached skill level 3 in Invocations
  1874 | D:6      | Reached skill level 3 in Evocations
  1874 | D:6      | Reached XP level 8. HP: 42/58 MP: 7/17
  1886 | D:6      | Killed Eustachio
  2046 | D:6      | Found a sparkling altar of Nemelex Xobeh.
  2102 | D:6      | Reached * piety under Makhleb
  2112 | D:6      | Found a shadowy altar of Dithmenos.
  2187 | D:5      | Found a white marble altar of Elyvilon.
  2210 | D:5      | Reached skill level 4 in Invocations
  2320 | D:7      | Reached skill level 3 in Conjurations
  2320 | D:7      | Reached skill level 3 in Hexes
  2320 | D:7      | Reached skill level 3 in Charms
  2320 | D:7      | Reached skill level 3 in Summonings
  2320 | D:7      | Reached skill level 3 in Translocations
  2320 | D:7      | Reached skill level 3 in Transmutations
  2320 | D:7      | Reached skill level 3 in Fire Magic
  2320 | D:7      | Reached skill level 3 in Ice Magic
  2320 | D:7      | Reached skill level 3 in Air Magic
  2320 | D:7      | Reached skill level 3 in Earth Magic
  2320 | D:7      | Reached skill level 3 in Poison Magic
  2346 | D:8      | Reached skill level 6 in Dodging
  2346 | D:8      | Reached XP level 9. HP: 58/65 MP: 18/18
  2379 | D:8      | Found a staircase to the Lair.
  2417 | D:8      | Learned a level 4 spell: Animate Dead
  2425 | D:8      | Reached skill level 4 in Fighting
  2425 | D:8      | Reached skill level 4 in Short Blades
  2425 | D:8      | Reached skill level 4 in Long Blades
  2425 | D:8      | Reached skill level 4 in Axes
  2425 | D:8      | Reached skill level 4 in Maces & Flails
  2425 | D:8      | Reached skill level 4 in Polearms
  2425 | D:8      | Reached skill level 4 in Staves
  2425 | D:8      | Reached skill level 4 in Slings
  2425 | D:8      | Reached skill level 4 in Bows
  2425 | D:8      | Reached skill level 4 in Crossbows
  2425 | D:8      | Reached skill level 4 in Throwing
  2425 | D:8      | Reached skill level 4 in Armour
  2425 | D:8      | Reached skill level 4 in Shields
  2425 | D:8      | Reached skill level 4 in Unarmed Combat
  2425 | D:8      | Reached skill level 4 in Evocations
  2465 | D:8      | Reached ** piety under Makhleb
  2528 | D:7      | Reached skill level 6 in Stealth
  2528 | D:7      | Reached skill level 8 in Necromancy
  2665 | D:7      | Found Aly Tuy's Gadget Boutique.
  2702 | D:7      | Found a glowing golden altar of the Shining One.
  2772 | D:7      | Found a staircase to the Ecumenical Temple.
  2829 | D:8      | Found Gyergh's Food Emporium.
  2934 | D:8      | Found a bloodstained altar of Trog.
  2994 | D:8      | Reached skill level 5 in Invocations
  3091 | D:9      | Reached *** piety under Makhleb
  3133 | D:9      | Found a glowing silver altar of Zin.
  3234 | D:9      | Reached XP level 10. HP: 58/73 MP: 20/20
  3248 | D:9      | Reached skill level 7 in Spellcasting
  3265 | D:9      | Reached skill level 4 in Conjurations
  3265 | D:9      | Reached skill level 4 in Hexes
  3265 | D:9      | Reached skill level 4 in Charms
  3265 | D:9      | Reached skill level 4 in Summonings
  3265 | D:9      | Reached skill level 4 in Translocations
  3265 | D:9      | Reached skill level 4 in Transmutations
  3265 | D:9      | Reached skill level 4 in Fire Magic
  3265 | D:9      | Reached skill level 4 in Ice Magic
  3265 | D:9      | Reached skill level 4 in Air Magic
  3265 | D:9      | Reached skill level 4 in Earth Magic
  3265 | D:9      | Reached skill level 4 in Poison Magic
  3332 | D:10     | Entered Level 10 of the Dungeon
  3351 | D:10     | Reached skill level 5 in Fighting
  3351 | D:10     | Reached skill level 5 in Short Blades
  3351 | D:10     | Reached skill level 5 in Long Blades
  3351 | D:10     | Reached skill level 5 in Axes
  3351 | D:10     | Reached skill level 5 in Maces & Flails
  3351 | D:10     | Reached skill level 5 in Polearms
  3351 | D:10     | Reached skill level 5 in Staves
  3351 | D:10     | Reached skill level 5 in Slings
  3351 | D:10     | Reached skill level 5 in Bows
  3351 | D:10     | Reached skill level 5 in Crossbows
  3351 | D:10     | Reached skill level 5 in Throwing
  3351 | D:10     | Reached skill level 5 in Armour
  3351 | D:10     | Reached skill level 5 in Shields
  3351 | D:10     | Reached skill level 5 in Unarmed Combat
  3351 | D:10     | Reached skill level 5 in Evocations
  3432 | D:10     | Noticed zero's ghost (journeyman GrBe)
  3444 | D:10     | Learned a level 3 spell: Conjure Flame
  3468 | D:10     | Killed zero's ghost
  3468 | D:10     | Reached skill level 7 in Dodging
  3555 | D:10     | Reached **** piety under Makhleb
  3680 | D:10     | Found Bume's Book Shop.
  3767 | D:10     | Learned a level 3 spell: Ozocubu's Armour
  3851 | D:10     | Reached skill level 6 in Invocations
  3880 | D:10     | Reached skill level 7 in Stealth
  4010 | D:11     | Noticed a cyclops
  4013 | D:11     | HP: 4/74 [cyclops/large rock (30)]
  4324 | D:12     | Reached XP level 11. HP: 66/81 MP: 22/22
  4414 | D:13     | Noticed Frances
  4474 | D:13     | Noticed Azrael
  4478 | D:13     | Gained mutation: Your natural rate of healing is unusually fast. [potion of mutation]
  4478 | D:13     | Gained mutation: Your mind is acute. (Int +2) [potion of mutation]
  4497 | D:13     | Killed Azrael
  4497 | D:13     | Reached ***** piety under Makhleb
  4497 | D:13     | Reached skill level 6 in Fighting
  4497 | D:13     | Reached skill level 6 in Short Blades
  4497 | D:13     | Reached skill level 6 in Long Blades
  4497 | D:13     | Reached skill level 6 in Axes
  4497 | D:13     | Reached skill level 6 in Maces & Flails
  4497 | D:13     | Reached skill level 6 in Polearms
  4497 | D:13     | Reached skill level 6 in Staves
  4497 | D:13     | Reached skill level 6 in Slings
  4497 | D:13     | Reached skill level 6 in Bows
  4497 | D:13     | Reached skill level 6 in Crossbows
  4497 | D:13     | Reached skill level 6 in Throwing
  4497 | D:13     | Reached skill level 6 in Armour
  4497 | D:13     | Reached skill level 6 in Shields
  4497 | D:13     | Reached skill level 6 in Unarmed Combat
  4497 | D:13     | Reached skill level 5 in Conjurations
  4497 | D:13     | Reached skill level 5 in Hexes
  4497 | D:13     | Reached skill level 5 in Charms
  4497 | D:13     | Reached skill level 5 in Summonings
  4497 | D:13     | Reached skill level 5 in Translocations
  4497 | D:13     | Reached skill level 5 in Transmutations
  4497 | D:13     | Reached skill level 5 in Fire Magic
  4497 | D:13     | Reached skill level 5 in Ice Magic
  4497 | D:13     | Reached skill level 5 in Air Magic
  4497 | D:13     | Reached skill level 5 in Earth Magic
  4497 | D:13     | Reached skill level 5 in Poison Magic
  4497 | D:13     | Reached skill level 6 in Evocations
  4553 | D:13     | Reached skill level 8 in Spellcasting
  4557 | D:13     | HP: 2/81 [fire elemental[Azrael] (12)]
  4576 | D:13     | Found a labyrinth entrance.
  4589 | Lab      | Entered a labyrinth
  4700 | Lab      | Noticed a minotaur
  4712 | Lab      | HP: 8/81 [minotaur/encrusted dagger {elec} (29)]
  4712 | Lab      | Identified the +11 dagger of an ice cave {elec, Int+3}
  4712 | Lab      | Slain by a minotaur

Vault maps used:
D:1:      lemuel_arrival_cross
D:2:      cheibrodos_old_hovel, nicolae_overflow_hidden_temple,
          yredelemnul_altar_generic, okawaru_gym_becter, minmay_misc_feat_plants
D:4:      serial_undead, serial_undead_c, serial_undead_b, serial_undead_f,
          serial_undead_e, serial_undead_d, serial_undead_c, serial_undead_f,
          serial_shops, shop, lightli_sewer_entry_pipes, first_bread,
          uniq_sigmund
D:5:      kennysheep_mini
D:6:      nicolae_dithmenos_shadow_blocks, kennysheep_mini_moat,
          lemuel_crystal_altar, marbit_many_paths,
          amethyst_overflow_temple_binary, lemuel_blue_sif_altar, uniq_pikel,
          uniq_eustachio
D:7:      nicolae_tso_besieged_by_evil, minmay_temple_entry_junction,
          serial_shops, shop
D:8:      bloody_trog, erik_lair_orcish_takeover, serial_shops,
          nicolae_shop_crystal
D:9:      kennysheep_little_box, minmay_misc_feat_roman, uniq_erolcha
D:10:     special_room, serial_shops, nicolae_shop_behind_doors
D:12:     minmay_shrinking_squares, minmay_orc_entry_temple_small,
          hangedman_stone_soup, minmay_guarded_unrand_resistance
D:13:     lightli_vaults_fourway_checkpoint, lab_entry_generic,
          grunt_decor_one_mirror, minmay_misc_feat_iff, small_statue_alley_a,
          uniq_azrael, uniq_frances
Lab:      nicolae_lab_dead_adventurers, nicolae_lab_dead_end,
          labyrinth_lava_lair, labyrinth_skeletal_remains,
          nicolae_lab_big_swirl, nicolae_lab_hexagon, lab_statue
Sewer:    kennysheep_sewer_church

Skill      XL: |  1  2  3  4  5  6  7  8  9 10 11 |
---------------+----------------------------------+-----
Spellcasting   | 5 6 7 8 |  8.0
Invocations    | 1 2 3 4 5 6 |  6.7
Fighting       | 1 2 3 4 5 6 |  6.1
Short Blades   | 1 2 3 4 5 6 |  6.1
Long Blades    | 1 2 3 4 5 6 |  6.1
Axes           | 1 2 3 4 5 6 |  6.1
Maces & Flails | 1 2 3 4 5 6 |  6.1
Polearms       | 1 2 3 4 5 6 |  6.1
Staves         | 1 2 3 4 5 6 |  6.1
Slings         | 1 2 3 4 5 6 |  6.1
Bows           | 1 2 3 4 5 6 |  6.1
Crossbows      | 1 2 3 4 5 6 |  6.1
Throwing       | 1 2 3 4 5 6 |  6.1
Armour         | 1 2 3 4 5 6 |  6.1
Shields        | 1 2 3 4 5 6 |  6.1
Unarmed Combat | 1 2 3 4 5 6 |  6.1
Evocations     | 1 2 3 4 5 6 |  6.1
Conjurations   | 1 2 3 4 5 |  5.1
Hexes          | 1 2 3 4 5 |  5.1
Charms         | 1 2 3 4 5 |  5.1
Summonings     | 1 2 3 4 5 |  5.1
Translocations | 1 2 3 4 5 |  5.1
Transmutations | 1 2 3 4 5 |  5.1
Fire Magic     | 1 2 3 4 5 |  5.1
Ice Magic      | 1 2 3 4 5 |  5.1
Air Magic      | 1 2 3 4 5 |  5.1
Earth Magic    | 1 2 3 4 5 |  5.1
Poison Magic   | 1 2 3 4 5 |  5.1
Dodging        | 5 6 7 |  7.7
Stealth        | 5 6 7 |  7.5
Necromancy     | 8 |  8.8

Action                   |  1- 3 |  4- 6 |  7- 9 | 10-12 || total
-------------------------+-------+-------+-------+-------++-------
Melee: Short sword       |    48 |   126 |    41 |       ||   215
       Bite              |     7 |    13 |    24 |    33 ||    77
       Unarmed           |       |    14 |     4 |       ||    18
       Punch             |       |     1 |     3 |     3 ||     7
       Whip              |       |       |   204 |   298 ||   502
       Morningstar       |       |       |       |    20 ||    20
Throw: Tomahawk          |       |       |       |     8 ||     8
 Cast: Pain              |    47 |    36 |    58 |    53 ||   194
       Animate Skeleton  |     1 |       |       |       ||     1
       Regeneration      |     2 |     7 |     6 |     9 ||    24
       Vampiric Draining |     1 |     4 |    24 |    14 ||    43
       Control Undead    |       |    10 |     1 |     2 ||    13
       Animate Dead      |       |       |     3 |       ||     3
       Conjure Flame     |       |       |       |     5 ||     5
       Ozocubu's Armour  |       |       |       |     4 ||     4
Invok: Lesser Servant of |       |       |     1 |     2 ||     3
       Minor Destruction |       |       |       |     1 ||     1
Evoke: Wand              |       |     6 |     2 |    23 ||    31
  Use: Potion            |     1 |     3 |       |     5 ||     9
       Scroll            |       |       |    10 |     6 ||    16
 Stab: Sleeping          |     2 |     3 |     8 |     7 ||    20
       Distracted        |       |       |     1 |     1 ||     2
       Confused          |       |       |       |     4 ||     4
  Eat: Chunk             |       |     3 |     8 |     2 ||    13
       Royal jelly       |       |     1 |       |     1 ||     2
       Fruit             |       |       |       |     3 ||     3
Armor: Robe              |     2 |       |       |       ||     2
       Leather armour    |       |    31 |    39 |    72 ||   142
       Skin              |       |     7 |     3 |       ||    10
Dodge: Dodged            |    43 |   119 |   166 |   200 ||   528
Block: Buckler           |       |       |       |    22 ||    22

Table legend:
 A = Spawn XP
 B = Non-spawn XP
 C = Spawn XP percentage of total XP
 D = Spawn monster count
 E = Non-spawn monster count
 F = Spawn count percentage of total count
 G = Total turns spent on level
                    A         B        C        D         E        F      G
               +---------+---------+-------+---------+---------+-------+---------
         Total |       0 |   12853 |   0.0 |       0 |     294 |   0.0 |  4712
               +---------+---------+-------+---------+---------+-------+---------
           D:1 |       0 |      36 |   0.0 |       0 |      20 |   0.0 |   480
           D:2 |       0 |      62 |   0.0 |       0 |      21 |   0.0 |   386
           D:3 |       0 |      29 |   0.0 |       0 |      13 |   0.0 |   130
           D:4 |       0 |     191 |   0.0 |       0 |      16 |   0.0 |   396
           D:5 |       0 |     192 |   0.0 |       0 |       9 |   0.0 |   239
           D:6 |       0 |    1117 |   0.0 |       0 |      16 |   0.0 |   308
           D:7 |       0 |     673 |   0.0 |       0 |      24 |   0.0 |   383
           D:8 |       0 |    1524 |   0.0 |       0 |      27 |   0.0 |   398
           D:9 |       0 |     996 |   0.0 |       0 |      24 |   0.0 |   265
          D:10 |       0 |    2621 |   0.0 |       0 |      53 |   0.0 |   631
          D:11 |       0 |     773 |   0.0 |       0 |      17 |   0.0 |   323
          D:12 |       0 |     822 |   0.0 |       0 |       4 |   0.0 |    66
          D:13 |       0 |    3046 |   0.0 |       0 |      13 |   0.0 |   234
           Lab |       0 |     178 |   0.0 |       0 |       2 |   0.0 |   123
         Sewer |       0 |     593 |   0.0 |       0 |      35 |   0.0 |   350
               +---------+---------+-------+---------+---------+-------+---------

Table legend:
 A = Turns spent in this place as a percentage of turns spent in the entire game.
 B = Non-inter-level travel turns spent in this place as a percentage of non-inter-level travel turns spent in the entire game.
 C = Inter-level travel turns spent in this place as a percentage of turns spent in this place.
 D = Turns resting spent in this place as a percentage of non-inter-level travel turns spent in this place.
 E = Turns spent auto-exploring this place as a percentage of non-inter-level travel turns spent in this place.
 F = Non-inter-level travel turns spent in this place divided by the number of levels of this place that you've seen.
                   A       B       C       D       E      F
               +-------+-------+-------+-------+-------+----------------------
         Total | 100.0 | 100.0 |   1.5 |   0.0 |   0.0 | 309.5
       Dungeon |  90.0 |  89.8 |   1.6 |   0.0 |   0.0 | 320.8
     Labyrinth |   2.6 |   2.6 |   0.0 |   0.0 |   0.0 | 123.0
         Sewer |   7.4 |   7.5 |   0.0 |   0.0 |   0.0 | 350.0
               +-------+-------+-------+-------+-------+----------------------

Table legend:
 A = Kills in this place as a percentage of kills in entire the game.
 B = Kills by you in this place as a percentage of kills by you in the entire game.
 C = Kills by friends in this place as a percentage of kills by friends in the entire game.
 D = Other kills in this place as a percentage of other kills in the entire game.
 E = Experience gained in this place as a percentage of experience gained in the entire game.
 F = Experience gained in this place divided by the number of levels of this place that you have seen.
                   A       B       C       D       E      F
               +-------+-------+-------+-------+-------+----------------------
         Total | 100.0 | 100.0 | 100.0 | 100.0 | 100.0 | 856.9
       Dungeon |  87.4 |  87.9 |  88.9 |  33.3 |  94.0 | 929.4
     Labyrinth |   0.7 |   0.4 |   5.6 |   0.0 |   1.4 | 178.0
         Sewer |  11.9 |  11.7 |   5.6 |  66.7 |   4.6 | 593.0
               +-------+-------+-------+-------+-------+----------------------

Vault maps used:
D:1:      lemuel_arrival_cross
D:2:      cheibrodos_old_hovel, nicolae_overflow_hidden_temple,
          yredelemnul_altar_generic, okawaru_gym_becter, minmay_misc_feat_plants
D:4:      serial_undead, serial_undead_c, serial_undead_b, serial_undead_f,
          serial_undead_e, serial_undead_d, serial_undead_c, serial_undead_f,
          serial_shops, shop, lightli_sewer_entry_pipes, first_bread,
          uniq_sigmund
D:5:      kennysheep_mini
D:6:      nicolae_dithmenos_shadow_blocks, kennysheep_mini_moat,
          lemuel_crystal_altar, marbit_many_paths,
          amethyst_overflow_temple_binary, lemuel_blue_sif_altar, uniq_pikel,
          uniq_eustachio
D:7:      nicolae_tso_besieged_by_evil, minmay_temple_entry_junction,
          serial_shops, shop
D:8:      bloody_trog, erik_lair_orcish_takeover, serial_shops,
          nicolae_shop_crystal
D:9:      kennysheep_little_box, minmay_misc_feat_roman, uniq_erolcha
D:10:     special_room, serial_shops, nicolae_shop_behind_doors
D:12:     minmay_shrinking_squares, minmay_orc_entry_temple_small,
          hangedman_stone_soup, minmay_guarded_unrand_resistance
D:13:     lightli_vaults_fourway_checkpoint, lab_entry_generic,
          grunt_decor_one_mirror, minmay_misc_feat_iff, small_statue_alley_a,
          uniq_azrael, uniq_frances
Lab:      nicolae_lab_dead_adventurers, nicolae_lab_dead_end,
          labyrinth_lava_lair, labyrinth_skeletal_remains,
          nicolae_lab_big_swirl, nicolae_lab_hexagon, lab_statue
Sewer:    kennysheep_sewer_church
